 Dungeon Crawl Stone Soup version 0.27.1-33-g824d729ab1 (webtiles) character file.

Game seed: 16549155033661039029

112 alasdair19 the Slasher (level 5, -5/40 HPs)
             Began as a Djinni Chaos Knight on Nov 28, 2021.
             Was a Plaything of Xom.
             Killed from afar by a white imp (10 damage)
             ... with a puff of frost
             ... summoned by Xom
             ... on level 2 of the Dungeon.
             The game lasted 00:11:49 (2260 turns).

alasdair19 the Slasher (Djinni Chaos Knight)        Turns: 2260, Time: 00:11:50

Health: -5/40      AC:  5    Str: 12    XL:     5   Next: 16%
Gold:   88         EV: 11    Int: 13    God:    Xom [.*....] SH:  0 Dex: 13

rFire    + + .     SeeInvis .   a - +0 falchion (chaos)
rCold    x . .     Faith    .   (no shield)
rNeg     . . .     Spirit   .   e - +0 ring mail
rPois    ∞         Reflect  .   (no helmet)
rElec    .         Harm     .   (no cloak)
rCorr    .         Rampage  .   (no gloves)
Will     .....                  (boots unavailable)
Stlth    +.........             (no amulet)
HPRegen  0.13/turn              (no ring)
MPRegen  0.00/turn              (no ring)

@: flying
A: sickness immunity, fire resistance 2, cold vulnerability 1, float, innate
caster, hp casting, extra vitality 1
a: Renounce Religion


You were on level 2 of the Dungeon.
You worshipped Xom.
You were a plaything of Xom.
You visited 1 branch of the dungeon, and saw 2 of its levels.

You collected 88 gold pieces.

Inventory:

Hand Weapons
 a - a +0 falchion of chaos (weapon)
 g - a +0 hunting sling
Missiles
 h - 8 silver javelins (quivered)
 l - 22 stones
Armour
 b - a +2 leather armour
 e - a +0 ring mail (worn)
 o - a scarf of harm
Scrolls
 d - a scroll of amnesia {unknown}
 f - a scroll of blinking {unknown}
 i - a scroll of fog {unknown}
 k - a scroll of identify {unknown}
 m - a scroll of vulnerability {unknown}
 n - a scroll of magic mapping {unknown}
Potions
 c - a potion of cancellation {unknown}
 j - a potion of brilliance {unknown}


   Skills:
 + Level 3.6 Fighting
 + Level 3.7 Long Blades
 + Level 0.3 Throwing
 + Level 2.1 Armour
 + Level 2.6 Dodging
 + Level 0.6 Stealth


You had one spell level left.
You knew the following spells:

 Your Spells              Type           Power      Damage    Failure   Level
a - Shock                 Conj/Air       0%         1d3       56%         1
b - Passwall              Tmut/Erth      0%         N/A       71%         2
Your spell library was empty.

Dungeon Overview and Level Annotations

Branches:
Dungeon (2/15)

Altars:

Shops:
D:1 :


Innate Abilities, Weirdness & Mutations

You are immune to sickness and miasma.
You are immune to poison.
Your flesh is very heat resistant. (rF++)
You are vulnerable to cold. (rC-)
You float through the air rather than walking.
You learn spells naturally, not from books.
Your magical power is your life essence.
You have superior vitality. (+4 HP)


Message History

You hit the white imp but do no damage. The ufetubus barely misses you.
The ufetubus hits you.
You barely miss the white imp. The ufetubus hits you.
The ufetubus hits you but does no damage.
The white imp hits you but does no damage.
The ufetubus misses you.
The ufetubus hits you but does no damage.
You barely miss the white imp. The ufetubus closely misses you.
The ufetubus hits you but does no damage.
The white imp hits you. The white imp freezes you.
You feel a terrible chill!
* * * LOW HITPOINT WARNING * * *
You hit the white imp.
The white imp suddenly seems more agile.
The white imp is lightly wounded.
The ufetubus hits you.
* * * LOW HITPOINT WARNING * * *
The ufetubus hits you but does no damage.
The ufetubus hits you.
* * * LOW HITPOINT WARNING * * *
The ufetubus hits you but does no damage.
The white imp hits you but does no damage.
You hit the white imp.
The white imp is moderately wounded.
The ufetubus hits you.
* * * LOW HITPOINT WARNING * * *
The ufetubus hits you.
* * * LOW HITPOINT WARNING * * *
The white imp hits you but does no damage.
The ufetubus closely misses you. x2
Unknown command.
You hit the ufetubus.
The ufetubus is severely wounded.
The ufetubus hits you but does no damage.
The ufetubus barely misses you. The white imp closely misses you.
The ufetubus hits you but does no damage. x2
You closely miss the ufetubus.
The ufetubus is severely wounded.
The white imp gestures at you. The puff of frost hits you!
You feel a terrible chill!
You die...

#.# #.# #.## #.# #.# #.# #.#
#..# #.# #.# #.# #.# ##.# #.#
#.# #.# #.# #.## #.# #.# #.# #.#
#..# #.# #.# #######.# #.# ##.#
#.# #.### ........# #.# #.#
#.###.#.#
##############.#####.###...#.#.#
..............55@5............>#
#.######.#####.#####..####..####
#.# #.# #........## #..# #.# ..#
#######...# #..# ..# ####
#....###..# ### #.....##..#
#...#.##..# #######...#.##..#
..........#.##..#####


You could see a white imp (summoned, agile) and 2 ufetubi.

Vanquished Creatures
  A water moccasin skeleton (D:2)
  An adder (D:2)
  5 dart slugs
  4 bats
  2 endoplasms
  A giant cockroach (D:2)
  2 goblins (D:1)
  2 hobgoblins (D:1)
  3 jackals (D:1)
  A quokka (D:2)
  3 ball pythons (D:2)
  3 frilled lizards
  A kobold (D:1)
  6 rats
35 creatures vanquished.

Notes
Turn   | Place    | Note
-------+----------+-------------------------------------------
     0 | D:1      | alasdair19 the Djinni Chaos Knight began the quest for the
                  | Orb.
     0 | D:1      | Reached XP level 1. HP: 20/20 MP: 0/0
   367 | D:1      | XOM: divination: magic mapping
   522 | D:1      | Reached XP level 2. HP: 25/25 MP: 0/0
   563 | D:1      | Found Nuhoong's Book Shoppe.
   798 | D:1      | XOM: god gift: 8 silver javelins
   806 | D:1      | XOM: scenery: 1 doors open
   912 | D:1      | Reached XP level 3. HP: 30/30 MP: 0/0
   912 | D:1      | Learned a level 1 spell: Shock
  1175 | D:2      | XOM: scenery: summon butterflies
  1365 | D:2      | Reached XP level 4. HP: 30/35 MP: 0/0
  1453 | D:2      | XOM: scenery: summon butterflies
  1455 | D:2      | XOM: polymorph butterfly -> bat
  1925 | D:2      | Reached XP level 5. HP: 15/40 MP: 0/0
  1925 | D:2      | Learned a level 2 spell: Passwall
  2248 | D:2      | XOM: summons 3 hostile demons
  2260 | D:2      | Killed from afar by a white imp

Illustrated notes

Levels and vault maps discovered:
D:1:      evilmike_arrival_rings, layout_basic, serial_shops,
          nicolae_square_shop, minmay_cupped
D:2:      layout_basic

Skill      XL: |  1  2  3  4 |
---------------+-------------+-----
Long Blades    | 3 |  3.7
Armour         | 2 |  2.1
Fighting       | |  3.6
Throwing       | |  0.3
Dodging        | |  2.6
Stealth        | |  0.6

Action                   |  1- 3 |  4- 6 || total
-------------------------+-------+-------++-------
Melee: Falchion          |    72 |    31 ||   103
Throw: Javelin           |     6 |     5 ||    11
 Stab: Paralysed         |     4 |       ||     4
Armor: Leather armour    |     4 |       ||     4
       Ring mail         |    16 |    27 ||    43
Dodge: Dodged            |    49 |    34 ||    83
       Rpst.: Falchion   |    20 |     3 ||    23
